 Dungeon Crawl Stone Soup version 0.30-a0-241-g1121274140 (webtiles) character file.

Game seed: 9557307315860348072

25 Essalna the Cudgeller (level 2, -1/27 HPs)
             Began as an Armataur Berserker on Oct 11, 2022.
             Was a Follower of Trog.
             Slain by Jessica
             ... wielding a +0 dagger
              (4 damage)
             ... on level 2 of the Dungeon.
             The game lasted 00:01:14 (684 turns).

Essalna the Cudgeller (Armataur Berserker)           Turns: 684, Time: 00:01:15

Health: -1/27      AC:  8    Str: 22    XL:     2   Next: 82%
Magic:  2/2        EV:  6    Int:  7    God:    Trog [*.....]
Gold:   59         SH:  0    Dex:  9    Spells: 1/1 levels left

rFire   . . .      SeeInvis .    a - +0 mace
rCold   . . .      Faith    .    (no shield)
rNeg    . . .      Spirit   .    i - +0 chain mail
rPois   .          Reflect  .    (no helmet)
rElec   .          Harm     .    (no cloak)
rCorr   .          Roll     +    (no gloves)
Will    .....                    (no barding)
Stlth   ..........               (no amulet)
HPRegen 0.24/turn                (no ring)
MPRegen 0.08/turn                (no ring)

@: no status effects
A: large, rugged brown scales 3, deformed body, armoured tail, roll, long
tongue, awkward tongue
a: Renounce Religion, Berserk


You were on level 2 of the Dungeon.
You worshipped Trog.
Trog was aware of your devotion.
You visited 1 branch of the dungeon, and saw 2 of its levels.

You collected 59 gold pieces.

Inventory:

Hand Weapons
 a - a +0 mace (weapon)
Armour
 b - a +0 animal skin
 i - a +0 chain mail (worn)
Scrolls
 c - a scroll of amnesia {unknown}
 d - a scroll of noise {unknown}
 h - 3 scrolls of enchant armour {unknown}
Potions
 e - a potion of magic {unknown}
 f - a potion of mutation {unknown}
 g - a potion of lignification {unknown}
 j - a potion of resistance {unknown}


   Skills:
 + Level 3.0 Fighting
 + Level 3.1 Maces & Flails
 + Level 3.1 Armour
 - Level 1.3 Dodging


You had one spell level left.
You didn't know any spells.
Your spell library was empty.

Dungeon Overview and Level Annotations

Branches:
Dungeon (2/15)

Altars:

Shops:
D:2 ?

Annotations:
D:2 Jessica


Innate Abilities, Weirdness & Mutations

You are completely covered in rugged brown scales. (AC +3, +7% HP)
Armour fits poorly on your strangely shaped body.
You have a long armoured tail.
You roll when moving toward enemies. (Rampage)
Your long tongue fully drains potion bottles. (2x potion effects)
Your tongue gives you trouble enunciating. (1.5x scroll delay)


Message History

i - a +0 chain mail You start removing your armour.
You continue taking off your +0 animal skin. x4
You finish taking off your +0 animal skin.
You start putting on your armour.
You continue putting on your +0 chain mail. x5
You finish putting on your +0 chain mail.
You now have 59 gold pieces (gained 15).
There is a stone staircase leading up here.
Found Zest's Magic Scroll Shop.
j - a viscous golden potion Jessica the Apprentice Sorceress comes into view.
She is wielding a +0 dagger and wearing a +1 robe of fire resistance.
Jessica shouts!
A rat comes into view.
You roll towards Jessica!
Found a ring mail.
Jessica points at you and mumbles some strange words.
Pain shoots through your body!
You are too injured to fight recklessly!
You are too injured to fight recklessly!
You are too injured to fight recklessly!
You roll towards Jessica!
A worm comes into view.
You barely miss Jessica.
Jessica points at you and mumbles some strange words.
Pain shoots through your body!
Ouch! That really hurt!
* * * LOW HITPOINT WARNING * * *
A worm comes into view.
You hit Jessica.
Jessica is lightly wounded.
Jessica hits you with a +0 dagger.
* * * LOW HITPOINT WARNING * * *
You hit Jessica but do no damage.
Jessica is lightly wounded.
The rat bites you but does no damage. Jessica completely misses you.
Jessica barely misses you. The rat barely misses you.
You closely miss Jessica.
Jessica is lightly wounded.
Jessica hits you with a +0 dagger.
You die...

#..#.# #..#.#
#######....#
#........#...#
#....#####.#...#
#....# .# #..#
#....# ### ..
#####....#.... .
#.....@......#
#...∩.@r.....#
#.......?....#
#............#
#.....w......#
#.....[w.....#
###.###.....##
#. .###.#


You could see 2 worms, Jessica and a rat.

Vanquished Creatures
  A worm (D:2)
  3 giant cockroaches (D:1)
  3 goblins (D:1)
  4 jackals (D:1)
  2 kobolds
  A quokka (D:1)
  A ball python (D:1)
  2 bats (D:1)
  A frilled lizard (D:1)
  A rat (D:1)
19 creatures vanquished.

Notes
Turn   | Place    | Note
-------+----------+-------------------------------------------
     0 | D:1      | Essalna the Armataur Berserker began the quest for the Orb.
     0 | D:1      | Reached XP level 1. HP: 19/19 MP: 1/1
   264 | D:1      | Reached XP level 2. HP: 26/26 MP: 2/2
   512 | D:2      | HP: 1/27 [worm (6)]
   672 | D:2      | Found Zest's Magic Scroll Shop.
   678 | D:2      | Noticed Jessica
   684 | D:2      | Slain by Jessica

Illustrated notes

Levels and vault maps discovered:
D:1:      dpeg_arrival_long_road, layout_basic
D:2:      layout_basic, serial_shops, shop, minmay_heptomino_o4, uniq_jessica

Skill      XL: |  1  2 |
---------------+-------+-----
Maces & Flails | 3 |  3.1
Fighting       | 3 |  3.0
Armour         | 3 |  3.1
Dodging        | |  1.3

Action                   || total
-------------------------++-------
Melee: Mace              ||    67
       Tailslap          ||     4
       Punch             ||     1
 Stab: Sleeping          ||     1
Armor: Animal skin       ||    29
       Chain mail        ||     1
Dodge: Dodged            ||    32

Table legend: (Time is in decaauts)
 A = Elapsed time spent in this place.
 B = Non-inter-level travel time spent in this place.
 C = Inter-level travel time spent in this place.
 D = Time resting spent in this place.
 E = Time spent auto-exploring this place.
 F = Levels seen in this place.
 G = Mean time per level.
                   A        B        C        D        E       F      G
               +--------+--------+--------+--------+--------+-----+--------+
         Total |    700 |    680 |     20 |      0 |    497 |   2 |  350.0 |
       Dungeon |    700 |    680 |     20 |      0 |    497 |   2 |  350.0 |
               +--------+--------+--------+--------+--------+-----+--------+

Top non-repeatable levels by time:
     D:1: 514 daAuts
     D:2: 185 daAuts
